Cogmind - Beta 16 @@@ ROGUE MODE // 2025.11.10 @ 17:41:26 Player: opdo Result: Destroyed by 3D-UOX(R) with Subdweller Machine Gun Performance ------------- Evolutions (0) 0 Regions Visited (2) 400 Robots Destroyed (24) 120 Value Destroyed (574) 574 Prototype IDs (0) 0 Alien Tech Used (0) 0 Bonus (0) 0 TOTAL SCORE: 1094 Bonus ------- None Cogmind --------- Core Integrity 0/250 Matter 275/300 Energy 160/160 System Corruption 0% Temperature Cool (0) Movement Rolling (120) Ox1 Location -10/Subcaves Parts ------- > --- POWER (1) -------- Light Nuclear Core > --- PROPULSION (2) --- Subdweller Monowheel > --- UTILITY (2) ------ Large Storage Unit > --- WEAPON (2) ------- Mini Grenade Launcher > --- INVENTORY (15) --- Light Ion Engine Subdweller Monowheel Medium Matter Pod (85) Subdweller Optics Improved Terrain Scanner Propulsion Shielding Utility Shielding Particle Gun Particle Gun Particle Gun Subdweller Machine Gun Subdweller Machine Gun Subdweller Shrapnel Launcher Mining Laser Peak State ------------ > --- POWER ------------ Light Nuclear Core > --- PROPULSION ------- Subdweller Monowheel Subdweller Monowheel > --- UTILITY ---------- Large Storage Unit Structural Scanner > --- WEAPON ----------- Particle Gun Particle Gun > --- INVENTORY -------- Light Ion Engine Medium Matter Pod Subdweller Optics Improved Terrain Scanner Propulsion Shielding Utility Shielding Particle Gun Particle Gun Particle Gun Subdweller Machine Gun Mini Grenade Launcher Mining Laser [Rating: 15] Favorites ----------- Power Light Nuclear Core Engine Light Ion Engine Power Core Light Nuclear Core Propulsion Light Treads Treads Light Treads Wheel Subdweller Monowheel Utility Large Storage Unit Device Improved Terrain Scanner Storage Large Storage Unit Weapon Assault Rifle Energy Gun Particle Gun Ballistic Gun Assault Rifle Launcher Mini Grenade Launcher Special Weapon Mining Laser Build | -11 -10 -10 ------- Run | Yrd Mat Sub Slots Evolved . | . . . Power . | . . . Propulsion . | . . . Utility . | . . . Weapon . | . . . Parts Attached 23 | 7 6 10 Power 3 | 1 2 . Engine 2 | 1 1 . Core 1 | . 1 . Reactor . | . . . Propulsion 7 | 2 2 3 Treads 4 | 2 1 1 Leg . | . . . Wheel 3 | . 1 2 Hover . | . . . Flight . | . . . Utility 4 | 2 1 1 Device 2 | 1 . 1 Storage 2 | 1 1 . Processor . | . . . Hackware . | . . . Protection . | . . . Artifact . | . . . Weapon 9 | 2 1 6 Energy Gun 3 | . . 3 Energy Cannon . | . . . Ballistic Gun 4 | 2 1 1 Ballistic Cannon . | . . . Launcher 1 | . . 1 Special Weapon 1 | . . 1 Impact Weapon . | . . . Slashing Weapon . | . . . Piercing Weapon . | . . . Special Melee Weapon . | . . . Unidentified Prototypes . | . . . Parts Lost 11 | . 2 9 Power . | . . . Propulsion 5 | . 1 4 Utility 1 | . . 1 Weapon 5 | . 1 4 Highest Loss Streak 4 | . 1 4 To Critical Strikes 1 | . . 1 Average Backups 13 | 2 13 14 Power . | . 1 1 Propulsion 2 | 1 2 1 Utility 4 | . 3 5 Weapon 6 | . 6 6 Tool/Special . | . . . Unused Backups 17 | . 5 12 Power 1 | . . 1 Propulsion 4 | . 3 1 Utility 7 | . 2 5 Weapon 5 | . . 5 Tool/Special . | . . . Average Slot Usage (%) 99 | . 99 99 Engine 3 | . 7 . Core 10 | . 7 14 Treads 26 | . 28 25 Wheel 1 | . . 2 Device 14 | . 14 14 Storage 14 | . 14 14 Energy Gun 1 | . . 3 Ballistic Gun 22 | . 27 17 Special Weapon 3 | . . 6 Peak Build Rating 15 | 9 13 15 Average Rating 11 | 5 11 11 On Entrance 7 | . 9 13 Avg Prop Armor Cover (%) 10 | . 10 . Naked Turns . | . . . Heaviest Build 32 | 13 30 32 Greatest Support 40 | 40 40 40 Greatest Overweight (x) 1 | . 1 . Average Overweight (x) . | . . . Largest Inventory Capacity 15 | 8 15 15 Average Capacity 14 | 7 14 15 Most Carried 15 | 5 15 15 Average Carried 13 | 3 13 14 Final Capacity 15 | 8 15 15 Final Carried 15 | 5 15 14 Class Distribution -------------------- 70% | Mutant 29% | Scavenger-Mutant Dominant Class ---------------- Mutant | -10/Materials Scavenger-Mutant | -10/Subcaves Resources | -11 -10 -10 ----------- Run | Yrd Mat Sub Matter Collected 848 | 227 490 131 Remotely . | . . . Salvage Created 795 | 55 557 183 Parts 54 | 5 39 10 Haulers Intercepted 2 | . 2 . Recyclers Shooed 1 | 1 . . Parts Field Recycled . | . . . Retrieved Matter . | . . . Parts Self-Destructed 5 | . . 5 Prevented . | . . . Parts Restored . | . . . Kills | -11 -10 -10 ------- Run | Yrd Mat Sub Combat Hostiles Destroyed 18 | . 13 5 Guns 17 | . 13 4 AOE 1 | . . 1 Classes Destroyed 7 | 1 5 1 Builder 1 | . 1 . Tunneler 2 | 2 . . Hauler 2 | . 2 . Watcher 1 | . 1 . Swarmer 5 | . 5 . Grunt 8 | . 8 . Subdweller 5 | . . 5 Best Kill Streak 4 | 2 4 1 Combat Bots Only 4 | . 4 1 Max Kills in Single Turn 1 | 1 1 1 Gunslinging . | . . . Exploded 1 | . . 1 Melee . | . . . Uniques/NPCs Destroyed . | . . . Combat | -11 -10 -10 -------- Run | Yrd Mat Sub Hostile Shots Fired 103 | . 51 52 Missed 32 | . 14 18 Hits 71 | . 37 34 Projectile 71 | . 37 34 AOE 2 | . . 2 Critical Strikes 2 | . . 2 Damage Taken 1438 | . 385 1053 Core 267 | . 29 238 Absorbed by Shields . | . . . Core Remaining (%) 100 | 100 . . Volleys Fired 116 | 5 48 63 Largest 2 | 2 2 2 Hottest 130 | 40 40 130 Shots Fired 194 | 10 95 89 Gun 155 | 10 95 50 Cannon . | . . . Launcher 2 | . . 2 Special 37 | . . 37 Kinetic 134 | 10 95 29 Thermal 58 | . . 58 Explosive 2 | . . 2 Electromagnetic . | . . . Robot Hit Streak 8 | 4 7 8 Robot Miss Streak 4 | 1 4 3 Penetration Max . | . . . Secondary Targets 1 | . 1 . Max Gunslinging Chain 1 | . 1 . Shots Hit Robots 101 | 7 57 37 Core Hits 39 | 2 26 11 Critical Kills 2 | . 2 . Critical Parts Destroyed . | . . . Critical Strikes 3 | . 2 1 Burn 1 | . . 1 Destroy 2 | . 2 . Melee Attacks . | . . . Impact . | . . . Slashing . | . . . Piercing . | . . . Sneak Attacks . | . . . Combat Hostiles . | . . . Follow-up Attacks . | . . . Damage Inflicted 1495 | 91 665 739 Guns 1256 | 91 665 500 Cannons . | . . . Explosions 239 | . . 239 Melee . | . . . Ramming . | . . . Kinetic 1022 | 91 665 266 Thermal 234 | . . 234 Explosive 239 | . . 239 Electromagnetic . | . . . Impact . | . . . Slashing . | . . . Piercing . | . . . Highest Corruption . | . . . Average Corruption . | . . . Corruption Purged . | . . . Corruption Blocked . | . . . Overload Shots . | . . . Overflow Damage . | . . . Projectiles . | . . . Explosions . | . . . Melee . | . . . Knockbacks . | . . . Impact . | . . . Kinetic . | . . . Secondary . | . . . Self-Inflicted Damage 46 | . . 46 Shots 2 | . . 2 Rammed . | . . . Targets Rammed . | . . . Kicked . | . . . Crushed . | . . . Highest Temperature 223 | . 12 223 Average Temperature 33 | . 4 48 Received Heat Transfer 523 | . 150 373 Siege Activations . | . . . Martial Activations . | . . . Shielding Activations . | . . . Robots Disrupted . | . . . Combat Hostiles . | . . . Robots Corrupted . | . . . Combat Hostiles . | . . . Parts Fried . | . . . Impact Corruptions . | . . . Robots Melted . | . . . Combat Hostiles . | . . . Parts Melted 1 | . . 1 Heat Transferred 629 | . . 629 Parts Sabotaged . | . . . Parts Stolen . | . . . Parts Stripped . | . . . Power Chain Reactions . | . . . Alert | -11 -10 -10 ------- Run | Yrd Mat Sub Maximum Alert Level . | . . . Low Security (%) 100 | 100 100 . Level 1 . | . . . Level 2 . | . . . Level 3 . | . . . Level 4 . | . . . Level 5 . | . . . High Security . | . . . Max Security . | . . . Peak Influence 115 | 5 115 . Initial . | . . . Average 39 | 1 42 . Influence Increases 473 | 10 463 . Destroy 0b10 Robot/C 260 | . 260 . Destroy 0b10 Robot/NC 30 | 10 20 . Destroy Leader 66 | . 66 . Successful Hack 27 | . 27 . Lose Combat Pursuer 90 | . 90 . Influence Decreases 473 | 10 463 . Time Decay 453 | 10 443 . Lost Part 20 | . 20 . Squads Dispatched 3 | . 3 . Investigation 1 | . 1 . Extermination . | . . . Reinforcement 2 | . 2 . Assault . | . . . Garrison . | . . . Intercept . | . . . Searches Triggered . | . . . Construction Impeded . | . . . Haulers Reinforced . | . . . Active Scanning Responses . | . . . Cargo Convoy Interrupts . | . . . Stealth | -11 -10 -10 --------- Run | Yrd Mat Sub Distress Signals 1 | . 1 . Communications Jammed . | . . . Distress Signals . | . . . Times Spotted 40 | . 29 11 Peak Tracking Total 5 | . 5 5 Tactical Retreats 3 | . 3 . Traps | -11 -10 -10 ------- Run | Yrd Mat Sub Traps Triggered 5 | . 2 3 Indirectly . | . . . Trap Hack Attempts . | . . . Triggered . | . . . Disarmed . | . . . Reprogrammed . | . . . Reused . | . . . Traps Extracted . | . . . Installed . | . . . Triggered . | . . . Machines | -11 -10 -10 ---------- Run | Yrd Mat Sub Machines Disabled . | . . . Max in Single Turn . | . . . Machines Repaired . | . . . Machines Dismantled . | . . . Machines Sabotaged . | . . . Overloaded Fab Kills . | . . . Hacking | -11 -10 -10 --------- Run | Yrd Mat Sub Machines Accessed 7 | . 6 1 Terminals 6 | . 6 . Fabricators . | . . . Repair Stations . | . . . Recycling Units . | . . . Scanalyzers . | . . . Garrison Access . | . . . Total Hacks 21 | . 16 5 Successful 12 | . 7 5 Failed 9 | . 9 . Catastrophic 3 | . 3 . Database Lockouts . | . . . Manual 16 | . 16 . Terminals 16 | . 16 . Fabricators . | . . . Repair Stations . | . . . Recycling Units . | . . . Scanalyzers . | . . . Garrison Access . | . . . Terminal Hacks 5 | . . 5 Record 5 | . . 5 Fabricator Hacks . | . . . Repair Station Hacks . | . . . Recycling Unit Hacks . | . . . Scanalyzer . | . . . Garrison Access Hacks . | . . . Unauthorized Hacks 6 | . 6 . Terminals 6 | . 6 . Botnet 1 | . 1 . Skim 5 | . 5 . Fabricators . | . . . Repair Stations . | . . . Recycling Units . | . . . Scanalyzers . | . . . Garrison Access . | . . . Data Cores Recovered . | . . . Used . | . . . Hacking Detections 6 | . 6 . Full Trace Events . | . . . Feedback Events . | . . . Feedback Blocked . | . . . Robot Schematics Acquired . | . . . Robots Built . | . . . Authchips . | . . . Time . | . . . Total Robot Build Rating . | . . . Part Schematics Acquired . | . . . Parts Built . | . . . Authchips . | . . . Time . | . . . Total Part Build Rating . | . . . Part Studies Acquired . | . . . Parts Repaired . | . . . Time . | . . . Parts Recycled . | . . . Recycled Matter . | . . . Retrieved Matter . | . . . Retrieved Components . | . . . Parts Scanalyzed . | . . . Part Schematics Acquired . | . . . Parts Damaged . | . . . Bothacking | -11 -10 -10 ------------ Run | Yrd Mat Sub Used RIF Installer . | . . . Robots Hacked . | . . . Non-combat . | . . . Combat . | . . . Robot Hacks Applied . | . . . Relay Couplers Released . | . . . Fabnet Peak Effective % . | . . . Robots Rewired . | . . . Allies Hacked . | . . . Hacks Repelled . | . . . Allies | -11 -10 -10 -------- Run | Yrd Mat Sub Total Allies . | . . . Largest Group . | . . . Highest-Rated Group . | . . . Highest-Rated Ally . | . . . Total Orders . | . . . Ally Attacks . | . . . Total Damage . | . . . Kills . | . . . Allies Corrupted . | . . . Allies Melted . | . . . Intel | -11 -10 -10 ------- Run | Yrd Mat Sub Active Infowar (turns) 2979 | 17 1516 1446 Terrain 1533 | 17 1516 . Structural 1446 | . . 1446 Robot Analysis Total . | . . . Derelict Logs Recovered . | . . . Drone Launches . | . . . Drone Recoveries . | . . . Exploration | -11 -10 -10 ------------- Run | Yrd Mat Sub Turns Passed 3098 | 130 1516 1452 Spaces Moved 1499 | 64 669 766 Core 2 | 2 . . Treads 1412 | 62 669 681 Legs . | . . . Wheels 85 | . . 85 Hover . | . . . Flight . | . . . Fastest Speed 50 | 50 160 110 Average Speed 160 | 156 167 154 Slowest Speed 240 | 160 240 160 Overloaded Moves . | . . . Propulsion Burnouts . | . . . Robots Hopped . | . . . Potential Cave-ins . | . . . Cave-ins Triggered . | . . . Exploration Rate (%) 46 | 4 90 44 Regions Visited 2 Branch Regions 1 Pre-discovered Areas 1 | . 1 . Known Exits Taken . | . . . Unknown Exits Taken 2 | 1 1 . Scrap Searched . | . . . Spaces Dug 5 | . . 5 Terrain Destroyed 26 | . . 26 Melee . | . . . Projectile 6 | . . 6 AOE 20 | . . 20 Terrain Rammed . | . . . Walls Destroyed . | . . . Machines Disabled . | . . . Actions | -11 -10 -10 --------- Run | Yrd Mat Sub Total 1928 | 81 970 877 Wait 246 | . 221 25 Move 1497 | 63 668 766 Hop . | . . . Pick Up 30 | 6 17 7 Fast Attach 9 | 6 3 . Attach 9 | 1 2 6 Detach . | . . . Swap 11 | . 4 7 Drop 10 | . 7 3 Fire 116 | 5 48 63 Melee . | . . . Ram . | . . . Kick . | . . . Crush . | . . . Escape Stasis . | . . . Rewire . | . . . Trap . | . . . Miscellaneous . | . . . Route ------- -11/Scrapyard -10/Materials (discovered 5 exits: [*Mat x3] / [*Min] / *Sub) -10/Subcaves (discovered 3 exits: Mat x2 / Rec) History --------- Turn | Location | Event 7 | -11/Scrapyard | Discovered new exit (range 14) 131 | -11/Scrapyard | Entered Materials 307 | -10/Materials | Build established: Mutant 544 | -10/Materials | Discovered new exit (range 16) 700 | -10/Materials | Discovered new exit (range 12) 939 | -10/Materials | Discovered new exit (range 10) 987 | -10/Materials | Discovered new exit (range 14) 1337 | -10/Materials | Learned Storage stockpile data 1396 | -10/Materials | Learned Storage trap positions 1439 | -10/Materials | Discovered new exit (range 8) 1483 | -10/Materials | Learned location of Mines (-10) 1542 | -10/Materials | Loaded intel: 1 repair station location 1592 | -10/Materials | Learned Materials emergency access door positions 1633 | -10/Materials | Learned 4 Subcaves zone layouts 1647 | -10/Materials | Entered Subcaves 1648 | -10/Subcaves | Shifting Twisted Machinery released Sub. Optics 1648 | -10/Subcaves | Approached by a straggling Scientist 1648 | -10/Subcaves | Identified exit to Materials 1648 | -10/Subcaves | Identified exit to Recycling 1669 | -10/Subcaves | Shifting Twisted Machinery released Flamer 1782 | -10/Subcaves | Shifting Twisted Machinery released Sub. Machine Gun 1795 | -10/Subcaves | Shifting Twisted Machinery released Riot Gun 1937 | -10/Subcaves | Visited Clippyterm 1942 | -10/Subcaves | Learned Research machine intel 2164 | -10/Subcaves | Shifting Twisted Machinery released Humpback 2166 | -10/Subcaves | Shifting Twisted Machinery released Sub. Beam Cannon 2486 | -10/Subcaves | Build established: Scavenger-Mutant 2977 | -10/Subcaves | Core integrity fell below 50% 2978 | -10/Subcaves | Ambushed by Subdweller buried in earth 3079 | -10/Subcaves | Ambushed by Subdwellers from Twisted Machinery 3096 | -10/Subcaves | Core integrity fell below 20% 3098 | -10/Subcaves | Ambushed by Subdweller buried in earth 3099 | -10/Subcaves | Destroyed by 3D-UOX(R) with Subdweller Machine Gun Last Messages --------------- 02978_ Lgt. Treads destroyed. 02979_ 00-T91(R): "SLEEPOVER!" 02985_ 00-T91(R) destroyed. 02992_ Acquired Sub. Shrapnel Launcher. 02993_ Acquired 34 matter. 02995_ Acquired Sub. Machine Gun. 02999_ Acquired Sub. Monowheel. 03001_ Subatomizers dissect the Disposable Heat Sink. 03004_ The unstable cave ceiling collapses. 03015_ Subatomizers dissect the Disposable Heat Sink. 03082_ 4E-PBH(R): "SUBHATE!" 03084_ Particle Gun destroyed. 03093_ Structural Scanner destroyed. 03097_ Sub. Monowheel destroyed. 03098_ 4H-LP6(R) destroyed. 03098_ Critical hit (Destroy). 03098_ Particle Gun destroyed. 03099_ ZT-S0C(R): "HIDIE!" Map ----- +----------------------------------------------------+ | ?????????????????????????????????????????????????? | | ?????????????????????????????????????????????????? | | ?????????????????????????????????????????????????? | | ?????????????????????????????????????????????????? | | ?????????????????????????????????????????????????? | | ?????????????????????????????????????????????????? | | ?????????????????????????????? ??????????????????? | | ?????????????????????????????? ??????????????????? | | ?????????????????????????????? ??"#####??????????? | | ?????????????????????????????? ??"#####??????????? | | ????????????????????????????? #? " ?????????? | | ????????????????????????????? ### ?????????? | | ????????????????????????????? ### ????????? | | ??????????????????????????# ?????????? | | ??????????????????????????## ## ????????? | | ?????????????????????????#### ###????????? | | ?????????????????????????#### R ###???????? | | ?????????????????????????# ###???????? | | ?????????????????????????# ##???????? | | ????????????????????####### ##???????? | | ????????????????????########R ##???????? | | ???????????????????### #;R ###???????? | | ???????????????????### #######???? | | ???????????????????## ##########??? | | ???????????????????## ## ###### ###??? | | ???????????????????## @ ## #### ###? | | ???????????????????## # #####?? ### | | ???????????????????### ########??? ## | | ?????????????????????# %R R#######???#### | | ?????????????????????# & ##???##### | | ?????????????????????# ###?#### ## | | ?????????????????????# " " ####### ##### | | ?????????????????????###"""# ##### #### | | ??????????????????????### "## ### # ## | | ?????????????????????## ""### | | ????????????????????### ""#### ## ## | | ?????????????????##### "#"## ########## | | ?????????????????# " " ########## | | ????????????????????""?"" ########## | | ???????????????????????##### ## ##### | | ##?????????????????????###### | | ##????????????????????????### ### | | ###????????????????????????# ## #### | | ##???????????????????????# ### ### | | ##???????????????????????## ##### | | ###???????????????????????######### | | ###???????????????????????######?## # | | ######????????????????????????###### ## | | #######???######????????###???# ##### ## | | #############??????? ##???# #### " ### | +----------------------------------------------------+ Best States ------------- Heat Dissipation 25 Energy Generation 14 Energy Capacity 250 Matter Stores 300 Matter Capacity 300 Sight Range 16 Terrain Scan Range 16 Terrain Scan Density 10 Evasion (%) 40 Recoil Reduction 2 Item Schematics ----------------- None Robot Schematics ------------------ None Fabricated ------------ Nothing Repaired ---------- Nothing Studied --------- None Alien Tech Used ----------------- None Achievements -------------- None Challenges ------------ None Game ------ Seed AbsorptionRingHumpback Manual? 0 Play Time 00:18:16 Cumulative 126.9 hours Start 2025.11.10 @ 17:00:50 End 2025.11.10 @ 17:41:26 Sessions 1 Manual Loads 0 Difficulty Rogue Special Mode None Game No. 322 Rogue 320 Adventurer 2 Explorer 0 Win Type - Total 1 Types 1/0/0/0/0/0/0/0/0/0 Lore% 80 Gallery% 62 Achievement% 40 Wizard Run 0 Options --------- Layout 2 ASCII 0 Keyboard 0 Movement Numpad Keybinds 0 Fullscreen 2 Font 24/Smallcaps Map View 50x44 Zoom Use 0% Tactical HUD 1 Map Filters NONE Filters NONE Steam 1 RUN: ddd79600-b0ee-4f33-9e0f-1b2ee142d61d